 Dungeon Crawl Stone Soup version 0.29.0-13-gc9e81de378 (webtiles) character file.

Game seed: 8412584314776367610

432 sanka the Spear-Bearer (level 7, -4/52 HPs)
             Began as a Merfolk Berserker on Sept 7, 2022.
             Was a Priest of Trog.
             Succumbed to an orc's poison
             ... on level 4 of the Dungeon.
             The game lasted 00:04:03 (3509 turns).

sanka the Spear-Bearer (Merfolk Berserker)          Turns: 3509, Time: 00:04:04

Health: -4/52      AC:  7    Str: 19    XL:     7   Next: 0%
Magic:  7/7        EV: 11    Int:  6    God:    Trog [***...]
Gold:   175        SH:  0    Dex: 14    Spells: 6/6 levels left

rFire   . . .      SeeInvis .   a - +0 trident
rCold   . . .      Faith    .   (no shield)
rNeg    . . .      Spirit   .   g - +0 ring mail
rPois   .          Reflect  .   (no helmet)
rElec   .          Harm     .   q - +1 cloak {rCorr}
rCorr   +          Rampage  .   (no gloves)
Will    ++...                   (no boots)
Stlth   +.........              (no amulet)
HPRegen 1.17/turn               (no ring)
MPRegen 0.10/turn               (no ring)

@: mighty, lethally poisoned (-4 -> -25), strong-willed, attractive,
regenerating
A: (nimble swimmer 2), mertail
a: Renounce Religion, Berserk, Trog's Hand


You were on level 4 of the Dungeon.
You worshipped Trog.
Trog was most pleased with you.
You visited 1 branch of the dungeon, and saw 4 of its levels.

You collected 175 gold pieces.


Innate Abilities, Weirdness & Mutations

((You are very nimble when in or above water. (Stealth+, EV+, Speed+++)))
Your lower body shifts to a powerful aquatic tail in water.


   Skills:
 - Level 3.2 Fighting
 + Level 10.0 Polearms
 - Level 1.3 Armour
 - Level 2.6 Dodging


You had 6 spell levels left.
You didn't know any spells.
Your spell library was empty.

Inventory:

Hand Weapons
 a - a +0 trident (weapon)
 p - the +1 hammer of Ancient Evil {speed, rElec rPois Str+3} Attacks with this weapon are significantly faster. Str: It affects your strength (+3). rElec: It insulates you from electricity. rPois: It protects you from poison.
Armour
 b - a +0 animal skin
 g - a +0 ring mail (worn)
 k - a +0 pair of boots
 q - a +1 cloak of preservation (worn)
Jewellery
 o - a ring of magical power
Wands
 m - a wand of mindburst (19)
Scrolls
 c - 2 scrolls of magic mapping {unknown}
 e - 2 scrolls of silence {unknown}
 f - a scroll of noise {unknown}
 h - a scroll of immolation {unknown}
 i - a scroll of identify {unknown}
 n - 2 scrolls of amnesia {unknown}
Potions
 d - a potion of brilliance
 j - a potion of might
 l - 2 potions of flight

Dungeon Overview and Level Annotations

Branches:
Dungeon (4/15)
 Temple: D:4-7

Altars:
Hepliaklqana
Qazlal

▒▒......▒▒▒▒▒▒ ▒..▒▒...▒▒ .
▒............▒▒▒..▒.....▒..
▒.............▒▒...........
▒...▒▒▒▒'▒▒▒..▒▒.▒).o....▒
▒..▒8..▒...8▒..▒.▒▒.o.o.▒
▒..▒....▒...▒.)).▒..▒▒▒..▒
▒▒.▒...▒....▒..▒.....▒
▒.▒▒.▒(▒.▒.+))▒▒........
▒.+.▒.▒.▒.▒▒)m▒▒.........
▒▒.▒....▒...▒o)▒▒.........
▒..▒...▒....▒..▒.....▒....
▒..▒8...▒..8▒.▒▒.▒..▒▒▒..▒
▒...▒▒▒'▒▒▒▒.....▒▒.....▒▒
▒................▒.......
▒........................
▒<.......)........▒.o...▒
▒................(▒ ...▒▒


You could see an orc.


Message History

Unknown command.
You barely miss the orc.
You feel very sick. The orc closely misses you.
Unknown command.
You closely miss the orc.
You feel sick. The orc hits you but does no damage.
You are lethally poisoned!
Here: an orc, wielding a +2 flail of venom and wearing a +0 chain mail The floor.
It was a potion of might.
You feel very mighty all of a sudden.
* * * LOW HITPOINT WARNING * * *
You feel very sick. The orc hits you but does no damage.
You are more poisoned.
Unknown command.
It was a potion of attraction.
You feel attractive to monsters.
* * * LOW HITPOINT WARNING * * *
You feel very sick.
The orc hits you with a +2 flail of venom.
* * * LOW HITPOINT WARNING * * *
You are more poisoned.
Unknown command.
Use which ability? (? or * to list)
Your skin crawls.
You feel strong-willed.
You die...

Action                   |  1- 3 |  4- 6 |  7- 9 || total
-------------------------+-------+-------+-------++-------
Melee: Spear             |   146 |    76 |       ||   222
       Punch             |     1 |     2 |       ||     3
       Trident           |       |   100 |     2 ||   102
Invok: Trog's Hand       |       |     2 |     1 ||     3
       Berserk           |       |     3 |       ||     3
  Use: Potion            |       |     3 |     2 ||     5
 Stab: Sleeping          |     4 |       |       ||     4
Armor: Animal skin       |     6 |       |       ||     6
       Ring mail         |    10 |    49 |     2 ||    61
Dodge: Dodged            |    56 |    65 |     1 ||   122

Levels and vault maps discovered:
D:1:      minmay_arrival_checkered_box, layout_loops_ring,
          shapermc_ecumenical_altar_ellora, st_stairs_13
D:2:      layout_basic, chequers_serial_rivers_room_a, minmay_pentomino_v2
D:3:      layout_loops_ring, grunt_qazlal_clouds,
          nicolae_hepliaklqana_hazy_memory, minivault_26,
          uniq_crazy_yiuf_cottage, uniq_grinder, uniq_ijyb
D:4:      nicolae_cairo_tiling_large_dashed, layout_gridville,
          lemuel_zombie_altar_kikubaaqudgha, minivault_1

Notes
Turn   | Place    | Note
-------+----------+-------------------------------------------
     0 | D:1      | sanka the Merfolk Berserker began the quest for the Orb.
     0 | D:1      | Reached XP level 1. HP: 18/18 MP: 1/1
   239 | D:1      | Reached XP level 2. HP: 24/24 MP: 2/2
   338 | D:1      | Reached skill level 5 in Polearms
   534 | D:1      | Reached XP level 3. HP: 28/29 MP: 3/3
   579 | D:1      | Reached ** piety under Trog
   942 | D:1      | Found a faded altar of an unknown god.
  1282 | D:2      | Reached skill level 6 in Polearms
  1488 | D:2      | Reached XP level 4. HP: 23/35 MP: 4/4
  2038 | D:3      | Reached skill level 7 in Polearms
  2131 | D:3      | Found a stormy altar of Qazlal.
  2353 | D:3      | Found a hazy altar of Hepliaklqana.
  2444 | D:3      | Noticed Grinder
  2474 | D:3      | Killed Grinder
  2475 | D:3      | Reached skill level 9 in Polearms
  2475 | D:3      | Reached XP level 5. HP: 41/41 MP: 5/5
  2475 | D:3      | Reached XP level 6. HP: 47/47 MP: 6/6
  2566 | D:3      | Noticed Ijyb
  2589 | D:3      | Killed Ijyb
  2885 | D:3      | Identified the +1 hammer of Ancient Evil {speed, rElec
                  | rPois Str+3}
  2888 | D:3      | Found a runed translucent door.
  2889 | D:3      | Noticed Crazy Yiuf
  2907 | D:3      | Killed Crazy Yiuf
  3373 | D:4      | Reached *** piety under Trog
  3505 | D:4      | Reached skill level 10 in Polearms
  3505 | D:4      | Reached XP level 7. HP: 22/52 MP: 7/7
  3508 | D:4      | HP: 2/52 [orc/+2 flail of venom (6)]
  3509 | D:4      | Succumbed to an orc's poison

Vanquished Creatures
  Grinder (D:3)
  A hound (D:3)
  Crazy Yiuf (D:3)
  Ijyb (D:3)
  2 orc wizards (D:4)
  2 adders
  A worm (D:2)
  A dart slug (D:1)
  9 orcs
  5 ball pythons
  4 bats
  9 endoplasms
  A giant cockroach (D:1)
  5 goblins
  6 hobgoblins
  7 jackals
  8 kobolds
  2 quokkas
  4 frilled lizards (D:2)
  6 rats
76 creatures vanquished.

Vanquished Creatures (others)
  A plant (D:3)
1 creature vanquished.

Grand Total: 77 creatures vanquished
